 Dungeon Crawl Stone Soup version 0.27.1-34-g3ba077fa99 (webtiles) character file.

Game seed: 9555430387061730450

51 belegose the Charlatan (level 3, 0/27 HPs)
             Began as a Mummy Artificer on Jan 10, 2022.
             Slain by Ijyb (13 damage)
             ... on level 2 of the Dungeon.
             The game lasted 00:04:15 (1854 turns).

belegose the Charlatan (Mummy Artificer)            Turns: 1854, Time: 00:04:15

Health: 0/27       AC:  6    Str: 15    XL:     3   Next: 58%
Magic:  12/12      EV:  4    Int: 11    God:
Gold:   88         SH: 10    Dex: 12    Spells: 2/2 levels left

rFire    x . .     SeeInvis .   i - +2 short sword (elec)
rCold    + . .     Faith    .   k - +0 tower shield
rNeg     + + +     Spirit   .   a - +0 scale mail
rPois    ∞         Reflect  .   (no helmet)
rElec    .         Harm     .   (no cloak)
rCorr    .         Rampage  .   (no gloves)
Will     .....                  (no boots)
Stlth    ..........             (no amulet)
HPRegen  0.09/turn              j - ring of magical power
MPRegen  0.13/turn              (no ring)

@: no status effects
A: cold resistance 1, negative energy resistance 3, torment resistance 2, heat
vulnerability 1, no potions
a: no special abilities


You were on level 2 of the Dungeon.
You visited 1 branch of the dungeon, and saw 2 of its levels.

You collected 88 gold pieces.

Inventory:

Hand Weapons
 i - a +2 short sword of electrocution (weapon)
Missiles
 f - 9 stones (quivered)
Armour
 a - a +0 scale mail (worn)
 k - a +0 tower shield (worn)
Jewellery
 j - a ring of magical power (left hand)
Wands
 c - a wand of flame (27)
 d - a wand of charming (15)
Scrolls
 b - a scroll of holy word {unknown}
 g - a scroll of enchant weapon {unknown}
 h - a scroll of amnesia {unknown}
Miscellaneous
 e - a piece from Xom's chessboard (15/15)


   Skills:
 + Level 2.0 Fighting
 + Level 0.7 Short Blades
 + Level 1.9 Armour
 - Level 0.7 Dodging
 - Level 1.2 Stealth
 + Level 0.1 Shields
 + Level 2.9 Evocations


You had 2 spell levels left.
You didn't know any spells.
Your spell library contained the following spells:

 Spells                   Type           Power      Damage    Failure   Level
 Summon Small Mammal      Summ           0%         N/A       100%        1
 Call Canine Familiar     Summ           0%         N/A       100%        3
 Summon Guardian Golem    Hex/Summ       0%         N/A       100%        3
 Fireball                 Conj/Fire      0%         3d3       100%        5
 Starburst                Conj/Fire      0%         6d3       100%        6
 Orb of Destruction       Conj           0%         N/A       100%        7
 Spellforged Servitor     Conj/Summ      0%         N/A       100%        7
 Ignition                 Fire           0%         3d3       100%        8


Dungeon Overview and Level Annotations

Branches:
Dungeon (2/15)

Altars:
Xom

Annotations:
D:2 Ijyb


Innate Abilities, Weirdness & Mutations

You are immune to poison.
Your flesh is cold resistant. (rC+)
You are immune to negative energy. (rN+++)
You are immune to unholy pain and torment.
You are vulnerable to heat. (rF-)
You do not drink.


Message History

A ball python comes into view.
The ball python hisses angrily.
A ball python is nearby!
The ball python bites you but does no damage.
You block the ball python's attack.
You hit the ball python.
The ball python is moderately wounded.
The ball python bites you but does no damage.
You block the ball python's attack.
You hit the ball python.
Lightning courses through the ball python!
You kill the ball python!
Found 5 gold pieces.
You now have 88 gold pieces (gained 5).
You open the door.
There is an open door here.
There is a stone staircase leading up here.
As you open the door, it creaks loudly!
Ijyb the Twisted Goblin comes into view.
She is wielding a +8 club and carrying a wand of polymorph (11).
You hear a shout!
You close the door.
Ijyb zaps a wand.
The goblin shouts!
You hear a shout!
Ijyb zaps a wand.
You resist with some effort.
There is an open door here.
You closely miss Ijyb. Ijyb hits you with a +8 club. x2
You hit Ijyb but do no damage. Lightning courses through Ijyb!
Ijyb is severely wounded.
You block Ijyb's attack. You block the goblin's attack.
You hit Ijyb but do no damage.
Ijyb is severely wounded.
Ijyb zaps a wand.
You resist with some effort. The goblin hits you with a +0 club.
Ijyb drinks a potion.
Ijyb seems to grow stronger.
The goblin hits you with a +0 club.
You hit Ijyb.
Ijyb is severely wounded.
You block Ijyb's attack. You block the goblin's attack.
Unknown command.
Ijyb hits you with a +8 club!
You die...

#.# ....####.............#
########.#.........##'##+###..#.#
.........#.........##.##.###..#..
.#######.#.....g..............##.
.# #....................#.......
.# #.##.#.#.......##..#.###..##.
.# #.##.#.#...##+###..#.# #..##.
.# #.##.#.#...##.###..#.# #....÷
.####.##...'..gg@........# #.....
.......))..#...##.####.### #..##.
.......#..##...##.# #.# #..###
.###...#..#######.# ##.#####..###
...(...#..# #.# #..........##
####..##..# #.# #..........##
#..##..#######.###.######...#
#..##.......................#
#..##..........###.######.#.##


You could see Ijyb (strong) and a goblin.

Vanquished Creatures
  2 dart slugs (D:1)
  7 endoplasms
  A giant cockroach (D:1)
  4 goblins
  6 hobgoblins (D:1)
  6 jackals (D:1)
  4 kobolds (D:1)
  2 quokkas (D:1)
  2 ball pythons
  2 bats
  A frilled lizard (D:2)
  A rat (D:1)
38 creatures vanquished.

Notes
Turn   | Place    | Note
-------+----------+-------------------------------------------
     0 | D:1      | belegose the Mummy Artificer began the quest for the Orb.
     0 | D:1      | Reached XP level 1. HP: 15/15 MP: 1/1
   193 | D:1      | Reached skill level 1 in Stealth
   265 | D:1      | Reached XP level 2. HP: 18/21 MP: 2/2
   660 | D:1      | Reached XP level 3. HP: 27/27 MP: 3/3
  1463 | D:2      | Found a faded altar of an unknown god.
  1470 | D:2      | Found a shimmering altar of Xom.
  1842 | D:2      | Noticed Ijyb
  1854 | D:2      | Slain by Ijyb

Illustrated notes

Levels and vault maps discovered:
D:1:      lightli_iron_boxes, layout_basic, minmay_heptomino_l4
D:2:      kennysheep_the_goblin_king, layout_basic, basic_altar,
          basic_ecumenical_altar

Skill      XL: |  1  2  3 |
---------------+----------+-----
Stealth        | 1 |  1.2
Fighting       | 2 |  2.0
Short Blades   | |  0.7
Armour         | |  1.9
Dodging        | |  0.7
Shields        | |  0.1
Evocations     | |  2.9

Action                   || total
-------------------------++-------
Melee: Short sword       ||   115
       Club              ||     6
Throw: Stone             ||     3
Armor: Leather armour    ||     7
       Scale mail        ||    47
Dodge: Dodged            ||    55
Block: Tower shield      ||    18
